 Dungeon Crawl Stone Soup version 0.29-a0-284-gf9362112df (webtiles) character file.

Game seed: 9715245192967289769

133 rabbitsville the Magician (level 5, 0/35 HPs)
             Began as a Djinni Earth Elementalist on Mar 24, 2022.
             Slain by a wight
             ... wielding a +2 falchion
              (5 damage)
             ... on level 4 of the Dungeon.
             The game lasted 00:14:58 (3607 turns).

rabbitsville the Magician (DjEE)                    Turns: 3607, Time: 00:14:59

Health: 0/35       AC:  3    Str:  7    XL:     5   Next: 40%
Gold:   199        EV: 12    Int: 18    God:
                   SH:  0    Dex: 14

rFire   + + +      SeeInvis .   e - +0 dagger (venom)
rCold   x . .      Faith    .   (no shield)
rNeg    . . .      Spirit   .   b - +0 robe
rPois   ∞          Reflect  .   (no helmet)
rElec   .          Harm     .   (no cloak)
rCorr   .          Rampage  .   v - +0 pair of gloves
Will    .....                   (boots unavailable)
Stlth   ++........              (no amulet)
HPRegen 0.11/turn               w - ring of protection from fire
MPRegen 0.00/turn               (no ring)

@: flying
A: sickness immunity, fire resistance 2, cold vulnerability 1, float, innate
caster, HP casting, extra vitality 1
a: no special abilities


You were on level 4 of the Dungeon.
You visited 1 branch of the dungeon, and saw 4 of its levels.

You collected 199 gold pieces.

Inventory:

Hand Weapons
 c - a +0 short sword
 e - a +0 dagger of venom (weapon)
Missiles
 a - 90 stones
 y - 5 javelins
Armour
 b - a +0 robe (worn)
 v - a +0 pair of gloves (worn)
Jewellery
 d - a ring of ice
 r - a ring of fire
 w - a ring of protection from fire (left hand)
Wands
 q - a wand of charming (5)
Scrolls
 g - a scroll of amnesia {unknown}
 h - 3 scrolls of teleportation {unknown}
 j - a scroll of enchant weapon {unknown}
 k - 4 scrolls of identify {unknown}
 o - 2 scrolls of silence {unknown}
 p - 2 scrolls of enchant armour {unknown}
 s - 3 scrolls of magic mapping {unknown}
 u - a scroll of immolation {unknown}
Potions
 f - a potion of berserk rage {unknown}
 i - a potion of flight {unknown}
 l - 2 potions of brilliance {unknown}
 m - a potion of curing {unknown}
 n - a potion of attraction {unknown}
 t - a potion of cancellation {unknown}
 x - a potion of might {unknown}


   Skills:
 - Level 2.1 Dodging
 - Level 1.5 Stealth
 * Level 4.4 Spellcasting


You couldn't memorise any spells.
You knew the following spells:

 Your Spells              Type           Power      Damage    Failure   Level
a - Sandblast             Erth           38%        2d10      2%          1
b - Passwall              Tmut/Erth      15%        N/A       3%          2
c - Stone Arrow           Conj/Erth      38%        3d9       7%          3
d - Petrify               Tmut/Erth      19%        N/A       22%         4
e - Apportation           Tloc           38%        N/A       2%          1
f - Wereblood             Tmut           19%        N/A       3%          2
Your spell library was empty.

Dungeon Overview and Level Annotations

Branches:
Dungeon (4/15)
 Temple: D:4-7

Altars:
Uskayaw

Annotations:
D:2 1 runed translucent door, Crazy Yiuf


Innate Abilities, Weirdness & Mutations

You are immune to sickness and miasma.
You are immune to poison.
Your flesh is very heat resistant. (rF++)
You are vulnerable to cold. (rC-)
You float through the air rather than walking.
You learn spells naturally, not from books.
Your magical power is your life essence.
You have superior vitality. (+4 MHP)


Message History

Press: ? - help, Q - select action, (/) - cycle Shift-Dir - straight line, f/p - wight
Aim: a wight, wielding a +2 falchion and wearing a +0 robe (heavily damaged, 79% to hit)
The blast of sand hits the wight but does no damage.
The wight is heavily damaged.
The wight barely misses you.
Aiming: Sandblast (safe; 2% risk of failure)
Press: ? - help, Q - select action, (/) - cycle Shift-Dir - straight line, f/p - wight
Aim: a wight, wielding a +2 falchion and wearing a +0 robe (heavily damaged, 79% to hit)
The blast of sand hits the wight.
The wight is severely damaged.
The wight closely misses you.
Aiming: Sandblast (safe; 2% risk of failure)
Press: ? - help, Q - select action, (/) - cycle Shift-Dir - straight line, f/p - wight
Aim: a wight, wielding a +2 falchion and wearing a +0 robe (severely damaged, 79% to hit)
The blast of sand hits the wight.
The wight is almost destroyed.
The wight hits you with a +2 falchion!
* * * LOW HITPOINT WARNING * * *
Aiming: Sandblast (safe; 2% risk of failure)
Press: ? - help, Q - select action, (/) - cycle Shift-Dir - straight line, f/p - wight
Aim: a wight, wielding a +2 falchion and wearing a +0 robe (severely damaged, 79% to hit)
The blast of sand hits the wight but does no damage.
The wight is severely damaged.
* * * LOW HITPOINT WARNING * * *
The wight closely misses you.
Aiming: Sandblast (safe; 2% risk of failure)
Press: ? - help, Q - select action, (/) - cycle Shift-Dir - straight line, f/p - wight
Aim: a wight, wielding a +2 falchion and wearing a +0 robe (severely damaged, 79% to hit)
The blast of sand hits the wight but does no damage.
The wight is severely damaged.
* * * LOW HITPOINT WARNING * * *
The wight barely misses you.
Aiming: Sandblast (safe; 2% risk of failure)
Press: ? - help, Q - select action, (/) - cycle Shift-Dir - straight line, f/p - wight
Aim: a wight, wielding a +2 falchion and wearing a +0 robe (severely damaged, 79% to hit)
The blast of sand hits the wight.
The wight is almost destroyed.
* * * LOW HITPOINT WARNING * * *
The wight hits you with a +2 falchion.
You die...

### ##.##
####...######
#.@z.....<..#
#.##...###..#
#.###.##
#..#.# #.#
#.# #..#.#
#.# #.#
#..#.#
#.###.#
#..#.#
#.#...#
#..#.# #
#.#.###
#..#.# ..
#.#.#
#..#.##.#


You could see a wight.

Vanquished Creatures
  Natasha (twice) (D:2)
  2 adders
  A worm (D:2)
  2 dart slugs
  6 ball pythons
  5 bats
  6 endoplasms
  3 hobgoblins
  5 quokkas
  4 frilled lizards
  5 goblins
  10 kobolds
  6 rats
57 creatures vanquished.

Vanquished Creatures (others)
  A bush (D:2)
  9 plants (D:2)
10 creatures vanquished.

Grand Total: 67 creatures vanquished

Notes
Turn   | Place    | Note
-------+----------+-------------------------------------------
     0 | D:1      | rabbitsville the Djinni Earth Elementalist began the quest
                  | for the Orb.
     0 | D:1      | Reached XP level 1. HP: 15/15 MP: 0/0
   278 | D:1      | Reached XP level 2. HP: 17/21 MP: 0/0
   659 | D:1      | Reached skill level 3 in Spellcasting
   850 | D:1      | Reached XP level 3. HP: 13/25 MP: 0/0
   850 | D:1      | Learned a level 1 spell: Apportation
  2121 | D:2      | Found a runed translucent door.
  2122 | D:2      | Noticed Crazy Yiuf
  2162 | D:2      | Reached XP level 4. HP: 29/31 MP: 0/0
  2236 | D:2      | Noticed Natasha
  2308 | D:2      | Killed Natasha
  2309 | D:2      | Reached skill level 4 in Spellcasting
  2715 | D:2      | Noticed Natasha
  2717 | D:2      | Killed Natasha
  2718 | D:2      | Reached XP level 5. HP: 33/35 MP: 0/0
  2718 | D:2      | Learned a level 2 spell: Wereblood
  2934 | D:3      | Found a faded altar of an unknown god.
  3225 | D:3      | Found a hide-covered altar of Uskayaw.
  3607 | D:4      | Slain by a wight

Illustrated notes

Levels and vault maps discovered:
D:1:      dpeg_arrival_three_smaller_balls, layout_basic,
          minmay_misc_feat_secret_circle
D:2:      layout_loops_cross, serial_forest, infiniplex_forest_clump_curved,
          infiniplex_forest_end_2, infiniplex_forest_end_2,
          infiniplex_forest_straight_4, infiniplex_forest_clump_small,
          uniq_natasha, uniq_crazy_yiuf_cottage
D:3:      layout_basic, mainiacjoe_overflow_catwalk,
          shapermc_ecumenical_altar_starsandcircs
D:4:      layout_loops_ring, ebering_ghost_reflecting_pool,
          kennysheep_generic_room_3

Skill      XL: |  1  2  3  4 |
---------------+-------------+-----
Spellcasting   | 3 4 |  4.4
Dodging        | |  2.1
Stealth        | |  1.5

Action                   |  1- 3 |  4- 6 || total
-------------------------+-------+-------++-------
Melee: Short sword       |     8 |       ||     8
       Dagger            |    76 |    50 ||   126
       Punch             |     3 |     2 ||     5
 Cast: Sandblast         |     7 |    17 ||    24
 Stab: Sleeping          |     4 |     2 ||     6
Armor: Robe              |     8 |    20 ||    28
Dodge: Dodged            |    47 |    50 ||    97

Table legend: (Time is in decaauts)
 A = Elapsed time spent in this place.
 B = Non-inter-level travel time spent in this place.
 C = Inter-level travel time spent in this place.
 D = Time resting spent in this place.
 E = Time spent auto-exploring this place.
 F = Levels seen in this place.
 G = Mean time per level.
                   A        B        C        D        E       F      G
               +--------+--------+--------+--------+--------+-----+--------+
         Total |   3614 |   3565 |     49 |   1017 |   1718 |   4 |  903.5 |
       Dungeon |   3614 |   3565 |     49 |   1017 |   1718 |   4 |  903.5 |
               +--------+--------+--------+--------+--------+-----+--------+

Top non-repeatable levels by time:
     D:2: 1489 daAuts
     D:1: 1442 daAuts
     D:3: 607 daAuts
     D:4: 74 daAuts
